Map: Efflorescence LE

Players

qqq

  • Race: Protoss Protoss
  • League: Platinum
  • Spawn Location: 9:00

Massa

  • Race: Terran Terran
  • League: Gold
  • Spawn Location: 6:00

exeNagib

  • Race: Zerg Zerg
  • League: Master
  • Spawn Location: 12:00

SIICorpion

  • Race: Protoss Protoss
  • League: Master
  • Spawn Location: 3:00

VOD

Have the link to the VOD?

Description

Time

  • Played on: July 30, 2020, 6:39 a.m.
  • Length: 1:55
Show
View Real Time Build Order
Export as new Build Order

qqq Protoss 

Build Orders:  

Get SALT Encoding   

  12  0:01  Probe  
  13  0:13  Probe  
  14  0:18  Pylon  
  14  0:25  Probe  
  15  0:31  Pylon  
  15  0:37  Probe  
  16  0:49  Probe  
  17  0:53  Gateway  
  17  1:05  Probe  
  18  1:18  Probe  
  19  1:30  Probe  
  20  1:42  Probe  
  20  1:46  Nexus  
  21  1:47  Cybernetics Core  
  21  1:50  Assimilator  
Show
View Real Time Build Order
Export as new Build Order

Massa Terran 

Build Orders:  

Get SALT Encoding   

  12  0:01  SCV  
  13  0:13  SCV  
  14  0:19  Supply Depot  
  14  0:25  SCV  
  15  0:32  Refinery  
  15  0:41  SCV  
  16  0:47  Barracks  
  16  0:53  SCV  
  17  1:05  SCV  
  18  1:13  Barracks  
  18  1:17  SCV  
  19  1:35  Supply Depot  
  19  1:38  SCV  
Show
View Real Time Build Order
Export as new Build Order

exeNagib Zerg 

Build Orders: Pool First 

Get SALT Encoding   

  12  0:18  Spawning Pool  
  11  0:22  Drone  
  11  0:27  Drone  
  13  0:30  Drone  
  14  0:41  Overlord  
  14  1:05  Zergling x4  
  14  1:06  Zergling x2  
  14  1:11  Queen  
  19  1:18  Zergling x2  
  20  1:28  Zergling x2  
  21  1:38  Hatchery  
  20  1:42  Drone  
Show
View Real Time Build Order
Export as new Build Order

SIICorpion Protoss 

Build Orders:  

Get SALT Encoding   

  12  0:00  Probe  
  13  0:12  Probe  
  14  0:18  Pylon  
  14  0:25  Probe  
  15  0:37  Gateway  
  15  0:40  Probe (Chrono Boost)  
  16  0:49  Probe (Chrono Boost), Assimilator  
  17  0:54  Probe (Chrono Boost)  
  18  0:57  Assimilator  
  18  1:06  Probe  
  19  1:12  Gateway  
  20  1:18  Probe  
  20  1:26  Cybernetics Core  
  20  1:31  Probe  
  21  1:37  Pylon  
Tags
 
Add a new tag
Caveats
  • Supply blocks, unpowered buildings, or Contaminate may cause inaccurate times.
  • Supply counts are checked every 10 seconds.